 Dungeon Crawl Stone Soup version 0.31-a0-819-gf6de2f5ab6 (webtiles) character file.

Game seed: 308121561619050430

106 qw the Shooter (level 4, 0/27 HPs)
             Began as a Gargoyle Hunter on Sept 23, 2023.
             Slain by Robin
             ... wielding a +0 spear
              (5 damage)
             ... on level 2 of the Dungeon.
             The game lasted 00:00:28 (1613 turns).

qw the Shooter (Gargoyle Hunter)                    Turns: 1613, Time: 00:00:29

Health: 0/27       AC:  8    Str: 15    XL:     4   Next: 84%
Magic:  4/4        EV: 11    Int:  9    God:
Gold:   115        SH:  0    Dex: 15    Spells: 3/3 levels left

rFire   . . .        Y - +2 shortbow
rCold   . . .        (shield currently unavailable)
rNeg    + . .        g - +0 ring mail
rPois   inf          (no helmet)
rElec   +            (no cloak)
rCorr   .            (no gloves)
SInv    .            (no boots)
Will    .....        (no amulet)
Stlth   +            (no ring)
HPRegen 0.24/turn    (no ring)
MPRegen 0.09/turn

%: no passive effects
@: no status effects
A: sickness immunity, AC +3, negative energy resistance 1, electricity
resistance, torment resistance 1, petrification resistance
a: no special abilities


You were on level 2 of the Dungeon.
You visited 1 branch of the dungeon, and saw 2 of its levels.

You collected 115 gold pieces.


Innate Abilities, Weirdness & Mutations

You are immune to sickness and miasma.
Your stone body is resilient. (AC +3)
You are immune to poison.
You resist negative energy. (rN+)
You are resistant to electric shocks. (rElec)
You are resistant to unholy torment.
You are immune to petrification.


   Skills:
 + Level 2.8 Fighting
 - Level 5.6 Ranged Weapons
 - Level 1.2 Armour
 - Level 1.5 Dodging
 - Level 1.1 Stealth


You had 3 spell levels left.
You didn't know any spells.
Your spell library was empty.

Inventory:

Hand Weapons
 Y - a +2 shortbow (weapon)
Armour
 g - a +0 ring mail (worn)
Jewellery
 b - an amulet of the acrobat
Potions
 a - a potion of curing {unknown}
 i - a potion of cancellation {unknown}
 j - a potion of lignification {unknown}

Dungeon Overview and Level Annotations

Branches:
Dungeon (2/15)

Altars:

Annotations:
D:2 Robin


Message History

The hobgoblin barely misses you. Robin misses you.
The hobgoblin closely misses you.
You shoot an arrow. The arrow hits the hobgoblin.
You kill the hobgoblin!
Robin closely misses you.
You shoot an arrow. The arrow closely misses the hobgoblin.
The arrow completely misses Robin.
Robin roars a battlecry!
The hobgoblin goes into a battle-frenzy!
The hobgoblin hits you.
Robin hits you from afar with a +0 spear.
You shoot an arrow. The arrow hits the hobgoblin.
The hobgoblin is moderately wounded.
Robin hits you from afar with a +0 spear.
The hobgoblin closely misses you.
You shoot an arrow. The arrow closely misses the hobgoblin.
Robin hits you but does no damage. The hobgoblin hits you.
You shoot an arrow.
The arrow hits the hobgoblin but does no damage.
The hobgoblin is moderately wounded.
The hobgoblin misses you.
Robin hits you from afar with a +0 spear.
You shoot an arrow. The arrow barely misses the hobgoblin.
The hobgoblin hits you but does no damage.
Robin's bangles clink loudly.
Robin hits you but does no damage.
Robin's horned helmet rattles.
Robin hits you from afar with a +0 spear.
The hobgoblin closely misses you.
You shoot an arrow. The arrow closely misses the hobgoblin.
Robin closely misses you. The hobgoblin hits you.
You shoot an arrow. The arrow closely misses the hobgoblin.
The hobgoblin hits you. Robin hits you but does no damage.
You shoot an arrow. The arrow hits the hobgoblin.
You kill the hobgoblin!
Robin completely misses you.
You shoot an arrow. The arrow closely misses Robin.
Robin hits you from afar with a +0 spear.
You die...
Robin calls out, "Let's celebrate!
Time for a feast!"

......#### .......... ..... .###
......# ## #.... ..... ......#...
.... #.... ##........ ... #....
##.......# #.. #.... .........#
#g. #....
.#......##.###<%#############....
.####.........))@................
.# #####.#####)).......####.###
.# #.........#.#..##. .#
#.........#.#...#< .########
#.........#.#...#. .##.....#
#.........#.#...#. .##.....#
###########.#%###. ..'.....#
.................. ###.....#
..#######......###


You could see Robin.

Vanquished Creatures
  A scorpion (D:2)
  An adder (D:2)
  2 dart slugs
  2 bats (D:1)
  5 endoplasms
  A giant cockroach (D:2)
  8 goblins
  5 hobgoblins
  A kobold (D:1)
  A quokka (D:1)
  A ball python (D:1)
  A frilled lizard (D:1)
  A rat (D:1)
30 creatures vanquished.

Notes
Turn   | Place    | Note
-------+----------+-------------------------------------------
     0 | D:1      | qw the Gargoyle Hunter began the quest for the Orb.
     0 | D:1      | Reached XP level 1. HP: 12/12 MP: 1/1
     0 | D:1      | 0 ||| qw: Version: 0.3-a-83-gcd0e7d8
     0 | D:1      | 0 ||| qw: Game counter: 1673
     0 | D:1      | 0 ||| qw: Melee chars always use a shield: true
     0 | D:1      | 0 ||| qw: God list: Okawaru
     0 | D:1      | 0 ||| qw: Allow faded altars: false
     0 | D:1      | 0 ||| qw: Do Orc after clearing Dungeon:15 true
     0 | D:1      | 0 ||| qw: Do second Lair branch before Depths: true
     0 | D:1      | 0 ||| qw: Lair rune preference: random
     0 | D:1      | 0 ||| qw: Goals: Normal
     0 | D:1      | 0 ||| PLANNING D:1-11
   115 | D:1      | HP: 3/12 [dart slug/slug dart (2)]
   192 | D:1      | Reached XP level 2. HP: 17/17 MP: 2/2
   771 | D:1      | 771 ||| UPGRADING to +0 ring mail.
   781 | D:1      | 781 ||| DROPPING +0 leather armour.
   782 | D:1      | 782 ||| READING scroll labelled WOMEIT CEREL.
   883 | D:1      | 883 ||| READING scroll labelled EQO PUUFESI.
   884 | D:1      | 884 ||| READING scroll labelled DIPILU OMPIEKK.
   888 | D:1      | 888 ||| READING scroll labelled GEGAMM GEAT.
   889 | D:1      | 889 ||| READING scroll labelled TETHEH XIHUGGE.
   890 | D:1      | 890 ||| DROPPING scroll of butterflies.
  1243 | D:2      | Reached skill level 1 in Armour
  1243 | D:2      | Reached XP level 3. HP: 21/21 MP: 3/3
  1312 | D:2      | 1312 ||| READING scroll of enchant weapon.
  1312 | D:2      | 1312 ||| ENCHANTING +1 shortbow.
  1454 | D:2      | Noticed a scorpion
  1459 | D:2      | HP: 5/21 [scorpion (6)]
  1461 | D:2      | HP: 2/21 [scorpion (4)]
  1466 | D:2      | Killed a scorpion
  1467 | D:2      | Reached skill level 5 in Ranged Weapons
  1467 | D:2      | Reached XP level 4. HP: 3/26 MP: 4/4
  1589 | D:2      | Noticed Robin
  1610 | D:2      | HP: 6/27 [hobgoblin[Robin] (5)]
  1613 | D:2      | Slain by Robin

Levels and vault maps discovered:
D:1:      evilmike_arrival_fibonacci_small, layout_basic
D:2:      layout_basic, uniq_robin

Skill      XL: |  1  2  3 |
---------------+----------+-----
Armour         | 1 |  1.2
Ranged Weapons | 5 |  5.6
Fighting       | |  2.8
Dodging        | |  1.5
Stealth        | |  1.1

Action                     |  1- 3 |  4- 6 || total
---------------------------+-------+-------++-------
   Fire: Shortbow          |    87 |    31 ||   118
    Use: Scroll            |     6 |       ||     6
 Armour: Leather armour    |    23 |       ||    23
         Ring mail         |    10 |    37 ||    47
  Dodge: Dodged            |    25 |    29 ||    54

Table legend:
 A = Non-vault XP
 B = Vault XP
 C = Vault XP percentage of total XP
 D = Non-vault monster count
 E = Vault monster count
 F = Vault count percentage of total count
                 A         B        C        D         E       F
            +---------+---------+-------+---------+---------+-------
      Total |     133 |      19 |  12.5 |      20 |      10 |  33.3
            +---------+---------+-------+---------+---------+-------
        D:1 |      25 |       0 |   0.0 |      13 |       0 |   0.0
        D:2 |     108 |      19 |  15.0 |       7 |      10 |  58.8
            +---------+---------+-------+---------+---------+-------
